 Dungeon Crawl Stone Soup version 0.31-a0-214-gb37851dbb3 (webtiles) character file.

Game seed: 7165860281172616864

7 gelatine the Shooter (level 1, 0/16 HPs)
             Began as a Demonspawn Hunter on July 2, 2023.
             Slain by a hobgoblin (4 damage)
             ... on level 1 of the Dungeon.
             The game lasted 00:00:31 (324 turns).

gelatine the Shooter (Demonspawn Hunter)             Turns: 324, Time: 00:00:32

Health: 0/16       AC:  3    Str: 11    XL:     1   Next: 91%
Magic:  1/1        EV: 12    Int: 10    God:
Gold:   60         SH:  0    Dex: 16    Spells: 0/0 levels left

rFire   . . .        a - +0 shortbow
rCold   . . .        (shield currently unavailable)
rNeg    . . .        c - +0 leather armour
rPois   .            (no helmet)
rElec   .            (no cloak)
rCorr   .            (no gloves)
SInv    .            (no boots)
Will    .....        (no amulet)
Stlth   ++           (no ring)
HPRegen 0.22/turn    (no ring)
MPRegen 0.07/turn

%: no passive effects
@: no status effects
A: no striking features
a: no special abilities


You were on level 1 of the Dungeon.
You visited 1 branch of the dungeon, and saw 1 of its levels.

You collected 60 gold pieces.

Inventory:

Hand Weapons
 a - a +0 shortbow (weapon)
Armour
 c - a +0 leather armour (worn)
Scrolls
 b - a scroll of butterflies
 e - a scroll of fog {unknown}
 g - a scroll of identify {unknown}
 h - a scroll of poison {unknown}
Potions
 d - 3 potions of ambrosia {unknown}
 f - a potion of heal wounds {unknown}


   Skills:
 + Level 2.0 Fighting
 + Level 3.8 Ranged Weapons
 + Level 2.0 Dodging
 + Level 1.1 Stealth


You couldn't memorise any spells.
You didn't know any spells.
Your spell library contained the following spells:

 Spells                   Type           Power      Damage    Failure   Level
 Magic Dart               Conj           0%         1d3       45%         1
 Searing Ray              Conj           0%         2d4       58%         2
 Fulminant Prism          Conj/Hex       0%         3d5       99%         4


Dungeon Overview and Level Annotations

Branches:
Dungeon (1/15)

Altars:


Message History

Found 15 gold pieces and a scroll labelled NISURA OGHASM.
A gnoll comes into view. It is wielding a +0 whip.
You shoot an arrow. The arrow hits the kobold!
You kill the kobold!
The endoplasm quivers.
You shoot an arrow. The arrow hits the endoplasm.
The endoplasm is severely wounded.
You shoot an arrow. The arrow hits the endoplasm.
You kill the endoplasm!
Your Stealth skill increases to level 1!
You shoot an arrow. The arrow closely misses the rat.
You shoot an arrow. The arrow completely misses the rat.
The rat misses you.
You shoot an arrow. The arrow hits the rat.
You kill the rat!
Your Dodging skill increases to level 2!
No target in view!
No target in view!
You see here a rat corpse.
The gnoll shouts!
There's something in the way.
You shoot an arrow. The arrow hits the gnoll.
The gnoll is lightly wounded.
A hobgoblin comes into view.
You shoot an arrow. The arrow barely misses the gnoll.
The hobgoblin shouts!
You shoot an arrow.
The arrow hits the gnoll but does no damage.
The gnoll is lightly wounded.
You shoot an arrow. The arrow completely misses the gnoll.
The gnoll hits you with a +0 whip.
You shoot an arrow. The arrow closely misses the gnoll.
The gnoll closely misses you. The gnoll hits you with a +0 whip.
You are too injured to fight recklessly!
You are too injured to fight recklessly!
You are too injured to fight recklessly!
You shoot an arrow. The arrow closely misses the gnoll.
The gnoll hits you with a +0 whip.
* * * LOW HITPOINT WARNING * * *
The hobgoblin hits you.
You die...

## ###### ...#=...#
##....#.########
##.##..........##
.?$##.g.........##
#$.).[g@.........#
#.##.....†.......#
..##............)#
#................#
.................#######
####............##......
##...................
#######...#...#####.
###.#.### ##


You could see a gnoll and a hobgoblin.

Vanquished Creatures
  A bat (D:1)
  2 endoplasms (D:1)
  A frilled lizard (D:1)
  2 kobolds (D:1)
  A rat (D:1)
7 creatures vanquished.

Notes
Turn   | Place    | Note
-------+----------+-------------------------------------------
     0 | D:1      | gelatine the Demonspawn Hunter began the quest for the Orb.
     0 | D:1      | Reached XP level 1. HP: 16/16 MP: 1/1
   312 | D:1      | Reached skill level 1 in Stealth
   324 | D:1      | Slain by a hobgoblin

Illustrated notes

Levels and vault maps discovered:
D:1:      nicolae_arrival_washed_ashore, layout_rooms, minmay_tetromino_o4

Skill      XL: |  1 |
---------------+----+-----
Stealth        | 1 |  1.1
Dodging        | 2 |  2.0
Fighting       | |  2.0
Ranged Weapons | |  3.8

Action                     || total
---------------------------++-------
   Fire: Shortbow          ||    17
  Dodge: Dodged            ||     2

Table legend: (Time is in decaauts)
 A = Elapsed time spent in this place.
 B = Non-inter-level travel time spent in this place.
 C = Inter-level travel time spent in this place.
 D = Time resting spent in this place.
 E = Time spent auto-exploring this place.
 F = Levels seen in this place.
 G = Mean time per level.
                   A        B        C        D        E       F      G
               +--------+--------+--------+--------+--------+-----+--------+
         Total |    329 |    329 |      0 |      0 |    279 |   1 |  329.0 |
       Dungeon |    329 |    329 |      0 |      0 |    279 |   1 |  329.0 |
               +--------+--------+--------+--------+--------+-----+--------+

Top non-repeatable levels by time:
     D:1: 329 daAuts
